 Dungeon Crawl Stone Soup version 0.32-a0-931-g5a2cda0630 (webtiles) character file.

Game seed: 5074661588750739628

49 Meejax the Ducker (level 3, -8/27 HPs)
             Began as a Demonspawn Gladiator on Apr 13, 2024.
             Mangled by Sigmund
             ... wielding a +3 scythe of venom
              (11 damage)
             ... on level 2 of the Dungeon.
             The game lasted 00:01:05 (740 turns).

Meejax the Ducker (Demonspawn Gladiator)             Turns: 740, Time: 00:01:06

Health: -8/27      AC:  4    Str: 14    XL:     3   Next: 53%
Magic:  3/3        EV: 12    Int:  8    God:
Gold:   26         SH:  0    Dex: 16    Spells: 2/2 levels left

rFire   . . .        a - +0 flail
rCold   . . .        (no shield)
rNeg    . . .        b - +0 leather armour
rPois   .            c - +0 helmet
rElec   .            (no cloak)
rCorr   .            (no gloves)
SInv    .            (no boots)
Will    .....        (no amulet)
Stlth   +            (no ring)
HPRegen 0.24/turn    (no ring)
MPRegen 0.08/turn

%: no passive effects
@: lethally poisoned (-8 -> -9)
A: weakness stinger 1, inability to read after injury 1
a: no special abilities


You were on level 2 of the Dungeon.
You visited 1 branch of the dungeon, and saw 2 of its levels.

You collected 26 gold pieces.

Inventory:

Hand Weapons
 a - a +0 flail (weapon)
Missiles
 e - a javelin
Armour
 b - a +0 leather armour (worn)
 c - a +0 helmet (worn)
Scrolls
 f - a scroll of amnesia {unknown}
Potions
 g - a potion of mutation


   Skills:
 + Level 2.1 Fighting
 + Level 3.2 Maces & Flails
 + Level 1.8 Throwing
 + Level 0.4 Armour
 + Level 3.5 Dodging


You had 2 spell levels left.
You didn't know any spells.
Your spell library contained the following spells:

 Spells                   Type           Power      Damage    Failure   Level
 Magic Dart               Conj           0%         1d3       50%         1
 Searing Ray              Conj           0%         2d4       63%         2
 Fulminant Prism          Conj/Alch      0%         3d5       99%         4


Dungeon Overview and Level Annotations

Branches:
Dungeon (2/15)

Altars:

Annotations:
D:2 Sigmund


Innate Abilities, Weirdness & Mutations

You have a small tail.
You occasionally lose the ability to read scrolls when taking damage.


Message History

You throw a throwing net.
The throwing net closely misses Sigmund.
Sigmund gestures at you while chanting. The magic dart hits you.
Sigmund closely misses you.
You sock Sigmund!
Sigmund is heavily wounded.
A bat comes into view.
Sigmund closely misses you.
You completely miss Sigmund.
Sigmund is heavily wounded.
Sigmund hits you with a +3 scythe of venom.
You are poisoned.
You barely miss Sigmund.
Sigmund is heavily wounded.
You feel very sick. The bat closely misses you.
You closely miss Sigmund. You tail-slap Sigmund.
Sigmund is severely wounded.
You feel sick. The bat closely misses you. Sigmund casts a spell at you.
The puff of flame hits you. The bat barely misses you.
Sigmund barely misses you.
You closely miss Sigmund.
Sigmund is severely wounded.
You feel sick. The bat barely misses you.
You closely miss Sigmund.
Sigmund is severely wounded.
You feel sick. The bat hits you but does no damage. Sigmund barely misses you.
You hit Sigmund but do no damage.
Sigmund is severely wounded.
You feel sick. The bat hits you but does no damage. The bat hits you.
* * * LOW HITPOINT WARNING * * *
Sigmund barely misses you.
It was a potion of mutation.
You feel extremely strange.
You occasionally lose the ability to read scrolls when taking damage.
You feel sick. The bat closely misses you.
Sigmund hits you with a +3 scythe of venom!
You die...
Sigmund begins carving another notch in his scythe.

###.# ..... ....# ....
##### .... ... ....
.(... ......
......#######
......@@....# #####
#####..[.$..# ....#
#.b.....#
....##########.......#
.<..........##.......#
...########.##.......#
...'.######.##.......#
...#.#......##.......+
...#...###...'.......#


You could see Sigmund and a bat.

Vanquished Creatures
  A gnoll (D:1)
  An adder (D:2)
  2 dart slugs (D:2)
  An endoplasm (D:1)
  3 hobgoblins (D:1)
  4 jackals (D:1)
  3 quokkas
  A ball python (D:1)
  2 bats (D:1)
  4 goblins
  3 kobolds (D:1)
25 creatures vanquished.

Notes
Turn   | Place    | Note
-------+----------+-------------------------------------------
     0 | D:1      | Meejax the Demonspawn Gladiator began the quest for the
                  | Orb.
     0 | D:1      | Reached XP level 1. HP: 16/16 MP: 1/1
   138 | D:1      | Gained mutation: You have a small tail. [demonic ancestry]
   138 | D:1      | Reached XP level 2. HP: 22/22 MP: 2/2
   461 | D:1      | Reached XP level 3. HP: 24/27 MP: 3/3
   724 | D:2      | Noticed Sigmund
   740 | D:2      | Gained mutation: You occasionally lose the ability to read
                  | scrolls when taking damage. [potion of mutation]
   740 | D:2      | Mangled by Sigmund

Illustrated notes

Levels and vault maps discovered:
D:1:      psy_arrival_statuary, layout_loops_ring
D:2:      layout_basic, uniq_terence, uniq_sigmund, uniq_jessica

Skill      XL: |  1  2  3 |
---------------+----------+-----
Dodging        | 3 |  3.5
Maces & Flails | 3 |  3.2
Fighting       | |  2.1
Throwing       | |  1.8
Armour         | |  0.4

Action                     || total
---------------------------++-------
  Melee: Flail             ||    63
         Tailslap          ||     5
  Throw: Throwing net      ||     3
    Use: Potion            ||     1
 Armour: Leather armour    ||    40
  Dodge: Dodged            ||    56

Table legend: (Time is in decaauts)
 A = Elapsed time spent in this place.
 B = Non-inter-level travel time spent in this place.
 C = Inter-level travel time spent in this place.
 D = Time resting spent in this place.
 E = Time spent auto-exploring this place.
 F = Levels seen in this place.
 G = Mean time per level.
                   A        B        C        D        E       F      G
               +--------+--------+--------+--------+--------+-----+--------+
         Total |    755 |    744 |     11 |      0 |    548 |   2 |  377.5 |
       Dungeon |    755 |    744 |     11 |      0 |    548 |   2 |  377.5 |
               +--------+--------+--------+--------+--------+-----+--------+

Top non-repeatable levels by time:
     D:1: 556 daAuts
     D:2: 199 daAuts
